 Dungeon Crawl Stone Soup version 0.29-a0-330-g52719c12eb (webtiles) character file.

Game seed: 10871021530453657725

21547 HoaS the Brawler (level 12, -1/130 HPs)
             Began as a Troll Berserker on May 19, 2022.
             Was a High Priest of Trog.
             Killed by divine providence
             ... invoked by an orc priest
              (15 damage)
             ... on level 2 of the Orcish Mines.
             The game lasted 00:36:51 (10448 turns).

HoaS the Brawler (Troll Berserker)                 Turns: 10448, Time: 00:36:51

Health: -1/130     AC: 13    Str: 28    XL:     12   Next: 55%
Magic:  11/11      EV: 14    Int:  3    God:    Trog [*****.]
Gold:   564        SH:  5    Dex: 19    Spells: 11/11 levels left

rFire   + . .      SeeInvis .     - Unarmed
rCold   . . .      Faith    .   (no shield)
rNeg    . . .      Spirit   .   a - +0 acid dragon scales
rPois   .          Reflect  +   r - +1 hat
rElec   .          Harm     .   z - +2 cloak
rCorr   +          Rampage  .   (gloves unavailable)
Will    .....                   (boots unavailable)
Stlth   +.........              s - amulet of reflection
HPRegen 1.11/turn               A - +6 ring of dexterity
MPRegen 0.12/turn               n - ring of protection from fire

@: on berserk cooldown, slowed, very slow
A: large, unfitting armour, claws 3, regeneration 1, shaggy fur 1, tough skin 1
a: Renounce Religion, Berserk, Trog's Hand, Brothers in Arms


You were on level 2 of the Orcish Mines.
You worshipped Trog.
Trog was extremely pleased with you.
You visited 2 branches of the dungeon, and saw 14 of its levels.
You also visited: Sewer.

You collected 999 gold pieces.
You spent 435 gold pieces at shops.

Inventory:

Missiles
 C - 12 large rocks (quivered)
Armour
 a - +0 acid dragon scales (worn)
 r - a +1 hat (worn)
 z - a +2 cloak (worn)
Jewellery
 b - a ring of protection from cold
 n - a ring of protection from fire (right claw)
 s - an amulet of reflection (around neck)
 x - a ring of protection from cold
 A - a +6 ring of dexterity (left claw)
Wands
 j - a wand of flame (23)
 t - a wand of iceblast (9)
 v - a wand of charming (13)
 y - a wand of acid (9)
 B - a wand of mindburst (5)
Scrolls
 c - 5 scrolls of teleportation
 f - 9 scrolls of identify
 q - 2 scrolls of fog
 w - a scroll of silence
Potions
 d - a potion of attraction
 e - a potion of heal wounds
 g - 2 potions of resistance
 h - 3 potions of mutation
 i - 4 potions of lignification
 k - 6 potions of curing
 l - 2 potions of berserk rage
 m - 5 potions of might
 o - 4 potions of ambrosia
 p - 2 potions of invisibility
 u - 3 potions of haste


   Skills:
 + Level 11.0 Fighting
 * Level 0.9 Throwing
 + Level 4.7 Armour
 + Level 8.3 Dodging
 * Level 15.6 Unarmed Combat


You had 11 spell levels left.
You didn't know any spells.
Your spell library was empty.

Dungeon Overview and Level Annotations

Branches:
Dungeon (12/15)            Temple (0/1) D:7            Lair (0/6) D:8
    Orc (2/2) D:12          Sewer (visited)
    Elf: Orc:2

Altars:
Fedhas
Makhleb
Nemelex Xobeh
Okawaru
Sif Muna
Trog
Xom

Shops:
D:5 *   D:7 [:**:   D:8 *   D:11 [

Portals:
Trove: D:11 (give 2 scrolls of acquirement)

Annotations:
D:8 2 transporters, kraktruk's ghost, novice DsAK
D:10 2 transporters


Innate Abilities, Weirdness & Mutations

You are too large for most types of armour.
You have claws for hands.
Your natural rate of healing is unusually fast.
You are covered in fur. (AC +1)
You have tough skin. (AC +1)


Message History

Things that are here:
a +0 dire flail; a +0 dire flail; an ettin corpse You feel your anger nearly subside.
There is a stone staircase leading down, spattered with blood here.
You are no longer berserk.
You are exhausted.
You feel yourself slow down.
You climb downwards.
The orc shouts!
The cyclops shouts!
The orc shouts!
You hear a shout!
You hear a howl!
You hear a shout! x2
You block the orc warrior's attack.
The orc priest looks braver for a moment.
The orc warrior hits you with a +0 scimitar.
The ogre hits you with a +0 giant club!!
The orc warrior hits you with a +0 scimitar!!
An orc comes into view. It is wielding a +0 short sword.
An orc priest comes into view. It is wielding a +0 hand axe.
You block the orc warrior's attack.
The orc priest begins to cast a cantrip, but forgets the words!
An orc warrior comes into view. It is wielding a +0 hand axe.
An orc comes into view. It is wielding a +0 dagger.
The ogre hits you with a +0 giant club!
There is a stone staircase leading up, spattered with blood here.
The orc priest shouts!
The orc warrior hits you with a +0 scimitar!
* * * LOW HITPOINT WARNING * * *
The orc priest miscasts a cantrip.
The orc priest looks satisfied for a moment.
The orc wizard casts a spell.
The orc wizard flickers and vanishes!
Deactivating autopickup; reactivate with Ctrl-A.
You block the orc's attack. The orc closely misses you.
The orc priest invokes the aid of Beogh against you.
Beogh smites you!
* * * LOW HITPOINT WARNING * * *
You block the orc's attack. You block the orc warrior's attack.
The ogre barely misses you.
The orc priest calls down the wrath of Beogh upon you.
Beogh smites you!
You die... #<...o. oo.....

....... .......
....... o...o..
.......#.......
...#.....o.....
#......O.o.{...
.......oooo....
#...@oo.....
.....$.oOo.....
#.#....C.o..o..
........o......
.$.$......oo...
.......o..#...o
#..............
...............


You could see an orc knight, a cyclops, 4 orc warriors, 2 ogres, 6 orc priests,
2 orc wizards and 9 orcs.

Vanquished Creatures
  Gastronok (D:9)
  Nessos (D:12)
  An ettin (Orc:1)
  Josephine (D:12)
  Erolcha (D:9)
  A hydra (D:12)
  3 two-headed ogres
  2 cyclopes
  An ugly thing (D:11)
  A manticore (D:7)
  Joseph (D:7)
  Maurice (D:8)
  A gargoyle (D:12)
  3 trolls
  Grinder (D:4)
  Prince Ribbit (D:6)
  6 slime creatures (D:12)
  8 wraiths
  14 yaks (D:11)
  A wyvern (D:7)
  A shadow (D:10)
  13 vampire mosquitoes
  4 wargs
  2 water moccasins
  3 acid dragons
  2 sky beasts (D:7)
  8 orc warriors
  3 ice beasts
  A black bear (D:5)
  2 ogres
  5 centaurs
  A phantom (D:2)
  4 kobold brigands
  A gnoll sergeant (D:8)
  A necrophage (D:5)
  5 bullfrogs
  9 wights
  8 killer bees
  An electric eel (D:8)
  7 howler monkeys
  6 hounds
  A gnoll shaman (D:7)
  9 orc priests
  3 iguanas
  Ijyb (D:5)
  11 orc wizards
  7 adders
  2 gnolls (D:1)
  A river rat (D:4)
  A shadow imp (D:7)
  3 white imps
  4 ufetubi
  4 worms
  3 dart slugs
  34 orcs
  5 bats
  10 endoplasms
  13 giant cockroaches
  9 goblins
  10 hobgoblins
  3 jackals (D:3)
  15 quokkas
  7 ball pythons
  9 frilled lizards
  8 kobolds
  6 rats
  A bush (D:10)
317 creatures vanquished.

Vanquished Creatures (others)
  3 kobolds (D:8)
3 creatures vanquished.

Grand Total: 320 creatures vanquished

Notes
Turn   | Place    | Note
-------+----------+-------------------------------------------
     0 | D:1      | HoaS the Troll Berserker began the quest for the Orb.
     0 | D:1      | Reached XP level 1. HP: 22/22 MP: 0/0
   197 | D:1      | Reached XP level 2. HP: 29/29 MP: 1/1
   381 | D:1      | Reached skill level 4 in Unarmed Combat
   722 | D:1      | Reached XP level 3. HP: 34/36 MP: 2/2
   829 | D:2      | Identified a scroll of acquirement
   829 | D:2      | Acquired a manual of Fighting
   859 | D:2      | Reached ** piety under Trog
   990 | D:2      | Found a faded altar of an unknown god.
  1009 | D:2      | Noticed a phantom
  1024 | D:2      | Killed a phantom
  1025 | D:2      | Reached skill level 5 in Unarmed Combat
  1025 | D:2      | Reached XP level 4. HP: 27/44 MP: 3/3
  1433 | D:3      | Reached XP level 5. HP: 50/50 MP: 4/4
  1684 | D:3      | Reached skill level 6 in Unarmed Combat
  2073 | D:4      | Reached XP level 6. HP: 54/59 MP: 5/5
  2075 | D:4      | Found a bloodstained altar of Trog.
  2240 | D:4      | Noticed an acid dragon
  2251 | D:4      | Killed an acid dragon
  2251 | D:4      | Reached *** piety under Trog
  2252 | D:4      | Reached skill level 7 in Unarmed Combat
  2266 | D:4      | Found an iron altar of Okawaru.
  2333 | D:4      | Found a glowing drain.
  2337 | Sewer    | Entered a sewer
  2556 | Sewer    | Reached **** piety under Trog
  2557 | Sewer    | Reached skill level 8 in Unarmed Combat
  2557 | Sewer    | Reached XP level 7. HP: 64/66 MP: 6/6
  2663 | D:4      | Noticed Grinder
  2674 | D:4      | Killed Grinder
  2675 | D:4      | Reached skill level 9 in Unarmed Combat
  3133 | D:5      | Entered Level 5 of the Dungeon
  3308 | D:5      | Noticed Ijyb
  3316 | D:5      | Killed Ijyb
  3317 | D:5      | Reached skill level 1 in Armour
  3329 | D:5      | Reached XP level 8. HP: 67/75 MP: 7/7
  3460 | D:5      | Found Ropuinero's Gadget Gallery.
  4127 | D:6      | Noticed Prince Ribbit
  4229 | D:6      | Killed Prince Ribbit
  4230 | D:6      | Reached skill level 10 in Unarmed Combat
  4387 | D:6      | Reached skill level 5 in Fighting
  4387 | D:6      | Reached XP level 9. HP: 76/88 MP: 8/8
  4557 | D:6      | Found a burning altar of Makhleb.
  4933 | D:7      | Found Juuceser's General Store.
  4934 | D:7      | Found Ziokkunn's Book Shoppe.
  4939 | D:7      | Noticed Joseph
  4948 | D:7      | Killed Joseph
  5020 | D:7      | Found Fiesuzyilu's General Store.
  5113 | D:7      | Found Batwoqin's Book Boutique.
  5181 | D:7      | Found the +7 captain's cutlass {speed, disarm}
  5193 | D:7      | Reached skill level 11 in Unarmed Combat
  5246 | D:7      | Identified the +7 mace of Objectivity {vorpal, rElec rCorr
                  | Str+3 SInv}
  5449 | D:7      | You fall into a shaft and drop 2 floors!
  5455 | D:8      | Noticed kraktruk's ghost (novice DsAK)
  5455 | D:8      | Found a transporter.
  5533 | D:8      | Reached ***** piety under Trog
  5568 | D:8      | Reached skill level 5 in Dodging
  5571 | D:8      | Reached XP level 10. HP: 78/100 MP: 9/9
  5662 | D:8      | Found a shimmering altar of Xom.
  5768 | D:8      | Received a gift from Trog
  5785 | D:8      | Reached skill level 12 in Unarmed Combat
  5842 | D:8      | Found a staircase to the Lair.
  5878 | D:8      | Noticed a two-headed ogre
  5891 | D:8      | Killed a two-headed ogre
  6035 | D:8      | Found Baang's Assorted Antiques.
  6069 | D:8      | Bought a scroll of teleportation for 99 gold pieces
  6331 | D:8      | Noticed Maurice
  6337 | D:8      | Killed Maurice
  6442 | D:7      | Found a staircase to the Ecumenical Temple.
  6519 | D:5      | Bought a wand of acid (8) for 336 gold pieces
  6584 | D:7      | Found Furaer's Antique Armour Shop.
  6588 | D:7      | Noticed a manticore
  6595 | D:7      | Killed a manticore
  7015 | D:8      | Noticed a manticore
  7021 | D:8      | Noticed a moth of wrath
  7036 | D:8      | Found a transporter.
  7110 | D:9      | Found a sparkling altar of Nemelex Xobeh.
  7133 | D:9      | Reached skill level 13 in Unarmed Combat
  7319 | D:9      | Noticed a two-headed ogre
  7323 | D:9      | Killed a two-headed ogre
  7370 | D:9      | Reached XP level 11. HP: 113/113 MP: 10/10
  7674 | D:9      | Noticed Erolcha
  7680 | D:9      | Killed Erolcha
  7697 | D:9      | Noticed Gastronok
  7712 | D:9      | Killed Gastronok
  7828 | D:10     | Entered Level 10 of the Dungeon
  7868 | D:10     | Found a transporter.
  7881 | D:10     | Noticed an orc high priest
  7882 | D:10     | Noticed an orc high priest
  7999 | D:10     | Found a transporter.
  8000 | D:10     | Noticed an orc high priest
  8002 | D:10     | Noticed a two-headed ogre
  8010 | D:10     | Killed a two-headed ogre
  8055 | D:10     | Reached skill level 14 in Unarmed Combat
  8134 | D:10     | Found a shimmering blue altar of Sif Muna.
  8218 | D:10     | Found a blossoming altar of Fedhas.
  8586 | D:11     | Noticed a red ugly thing
  8611 | D:11     | Killed a red ugly thing
  8686 | D:11     | Reached skill level 10 in Fighting
  8940 | D:11     | Found Useusm's Antique Armour Shoppe.
  8998 | D:11     | Found a portal to a secret trove of treasure.
  9016 | D:11     | Identified the +11 plate armour of Trumpets {rF+ MP+9 Int+6
                  | Slay+2}
  9147 | D:12     | Reached XP level 12. HP: 127/127 MP: 11/11
  9150 | D:12     | Noticed Nessos
  9159 | D:12     | Found a staircase to the Orcish Mines.
  9242 | D:12     | Noticed a five-headed hydra
  9251 | D:12     | Killed a seven-headed hydra
  9252 | D:12     | Reached skill level 15 in Unarmed Combat
  9828 | D:12     | Killed Nessos
 10044 | Orc:1    | Entered Level 1 of the Orcish Mines
 10044 | Orc:1    | Noticed Josephine
 10078 | D:12     | Killed Josephine
 10432 | Orc:2    | Entered Level 2 of the Orcish Mines
 10432 | Orc:2    | Noticed an ettin
 10441 | Orc:1    | Killed an ettin
 10448 | Orc:2    | Killed from afar by an orc priest

Illustrated notes

Levels and vault maps discovered:
D:1:      lightli_arrival_lavapool, layout_basic
D:2:      layout_loops_ring, hellmonk_ecumenical_altar_blasted
D:3:      layout_loops_ring
D:4:      minmay_inner_zag, layout_loops_ring, old_standard_altar,
          lemuel_crystal_altar, gup_sewer_entry_bowl, uniq_grinder
D:5:      layout_loops_ring, dk_noncrumbling_2, nicolae_shop_gadgets, uniq_ijyb
D:6:      layout_cave_pools, mainiacjoe_overflow_24_doors,
          nicolae_figureground_sparkle, uniq_prince_ribbit1
D:7:      minmay_the_grid_four_pointed_star
          [minmay_the_grid_triangle_9x9_shrine,
          minmay_the_grid_triangle_9x9_steps,
          minmay_the_grid_triangle_9x9_cache,
          minmay_the_grid_triangle_9x9_descending_squares,
          minmay_the_grid_prize_four_corners_diamond_a], layout_basic,
          minmay_temple_entry_statues_pillars, serial_shops, shop, shop,
          nicolae_shop_trees, nicolae_shop_statue_plus,
          nicolae_shop_statue_plus, uniq_joseph
D:8:      layout_basic, xom_confusion_cloud, erik_lair_orcish_takeover,
          gammafunk_ghost_berserking_beasts, serial_shops, shop, uniq_maurice
D:9:      layout_loops_ring, amcnicky_altar_gilded, uniq_gastronok, uniq_erolcha
D:10:     gammafunk_wand_slinger, layout_basic, fedhas_bush_and_centaur_altar,
          led_sif_pool
D:11:     layout_big_octagon, enter_trove_0, serial_shops, kennysheep_mini
D:12:     layout_loops_ring, orc_0_dummy, uniq_nessos
Orc:1:    layout_caves, uniq_josephine
Orc:2:    st_orc_rangers, layout_caves, special_room, uniq_rupert

Skill      XL: |  1  2  3  4  5  6  7  8  9 10 11 12 |
---------------+-------------------------------------+-----
Unarmed Combat | 4 5 6 8 9 10 11 13 14 15 | 15.6
Fighting       | 3 5 6 8 10 11 | 11.0
Armour         | 1 2 4 |  4.7
Dodging        | 3 5 6 7 8 |  8.3
Throwing       | |  0.9

Action                   |  1- 3 |  4- 6 |  7- 9 | 10-12 || total
-------------------------+-------+-------+-------+-------++-------
Melee: Unarmed           |    98 |   134 |   241 |   394 ||   867
       Punch             |       |     7 |    10 |    43 ||    60
Invok: Trog's Hand       |       |       |       |     3 ||     3
       Berserk           |       |       |       |     4 ||     4
Evoke: Wand              |       |       |     4 |     9 ||    13
  Use: Scroll            |     7 |     9 |    12 |     3 ||    31
       Potion            |       |       |     2 |     2 ||     4
 Stab: Sleeping          |       |       |     1 |       ||     1
Armor: Animal skin       |    49 |    45 |    55 |    50 ||   199
       Acid dragon scale |       |       |       |    23 ||    23
       Troll leather arm |       |       |       |     4 ||     4
Dodge: Dodged            |    50 |    47 |   125 |   179 ||   401
Block: Other             |       |       |    59 |    74 ||   133
       Reflection        |       |       |     1 |     6 ||     7

Table legend: (Time is in decaauts)
 A = Elapsed time spent in this place.
 B = Non-inter-level travel time spent in this place.
 C = Inter-level travel time spent in this place.
 D = Time resting spent in this place.
 E = Time spent auto-exploring this place.
 F = Levels seen in this place.
 G = Mean time per level.
                   A        B        C        D        E       F      G
               +--------+--------+--------+--------+--------+-----+--------+
         Total |  10393 |   9670 |    723 |    890 |   6601 |  15 |  692.9 |
       Dungeon |   9896 |   9182 |    714 |    854 |   6398 |  12 |  824.7 |
  Orcish Mines |    170 |    161 |      9 |     18 |     90 |   2 |   85.0 |
         Sewer |    327 |    327 |      0 |     18 |    113 |   1 |  327.0 |
               +--------+--------+--------+--------+--------+-----+--------+

Top non-repeatable levels by time:
     D:8: 1212 daAuts
    D:12: 1122 daAuts
     D:5: 1006 daAuts
     D:7: 910 daAuts
     D:1: 823 daAuts
     D:4: 798 daAuts
     D:6: 797 daAuts
     D:9: 718 daAuts
    D:10: 667 daAuts
     D:3: 623 daAuts
    D:11: 620 daAuts
     D:2: 596 daAuts
   Sewer: 327 daAuts
   Orc:1: 164 daAuts
   Orc:2: 5 daAuts
